[Event "Titled Tuesday Blitz May 2 Late 2023"]
[White "Torres Dominguez, David"]
[Black "Kujawski, Adam"]
[WhiteFideId "2220857"]
[BlackFideId "1100920"]
[WhiteElo "1999"]
[BlackElo "2054"]
[Result "0-1"]
[Round "08"]
[TimeControl "180+2"]
[Date "2023.05.02"]
[WhiteClock "0:00:02"]
[BlackClock "0:00:05"]

1. e4 e5 2. Bc4 Nf6 3. Nc3 Nxe4 4. Qh5 Nd6 5. Qxe5+ Qe7 6. Qxe7+ Bxe7 7. Be2 c6 8. Nf3 Nf5 9. g4 Nh4 10. Nxh4 Bxh4 11. Ne4 Be7 12. d3 d5 13. Ng3 Be6 14. h4 Nd7 15. Bg5 f6 16. Be3 b6 17. f3 O-O-O 18. Kf2 Rhe8 19. Rae1 Bd6 20. Nh5 Re7 21. d4 g6 22. Bf4 Kc7 23. Bxd6+ Kxd6 24. Nf4 Rde8 25. Bd3 c5 26. c3 c4 27. Bc2 b5 28. g5 Rf8 29. gxf6 Nxf6 30. Bxg6 hxg6 31. Nxg6 Ne4+ 32. Rxe4 dxe4 33. Nxf8 exf3 34. Nxe6 Rxe6 35. Kxf3 Rf6+ 36. Kg3 Rg6+ 37. Kf4 Kd5 38. Re1 b4 39. Re5+ Kd6 40. h5 Rg2 41. h6 Rxb2 42. cxb4 Rh2 43. Rc5 Rxh6 44. Rxc4 Kd5 45. Rc7 a6 46. Rd7+ Kc4 47. a3 Re6 48. Kf5 Re3 49. d5 Rxa3 50. d6 Kxb4 51. Rc7 Rd3 52. d7 a5 53. Ke6 a4 54. Rb7+ Kc3 55. Rc7+ Kb3 56. Rb7+ Kc3 57. Rb8 a3 58. d8=Q Rxd8 0-1


[Site "https://www.chess.com"]

[Event "Titled Tuesday Blitz May 2 Late 2023"]
[White "Adel, Sara"]
[Black "Kostiukov, Alexandr"]
[WhiteFideId "10616764"]
[BlackFideId "14108100"]
[WhiteElo "1982"]
[BlackElo "2202"]
[Result "0-1"]
[Round "08"]
[TimeControl "180+2"]
[Date "2023.05.02"]
[WhiteClock "0:00:05"]
[BlackClock "0:01:10"]

1. e4 c5 2. Nf3 g6 3. d4 cxd4 4. Nxd4 Bg7 5. Be3 Nf6 6. Nc3 Nc6 7. Bc4 Qa5 8. Bb3 Nxe4 9. O-O Nxc3 10. bxc3 Qxc3 11. Nb5 Qxa1 12. Qxa1 Bxa1 13. Nc7+ Kd8 14. Nxa8 Bd4 15. Bxd4 Nxd4 16. Bxf7 e6 17. Rd1 Rf8 18. Rxd4 Rxf7 19. Ra4 Rf5 20. Rxa7 Rb5 21. h3 Rb2 22. a4 d5 23. a5 Rxc2 24. Nb6 Rc1+ 25. Kh2 d4 26. Na4 d3 27. a6 bxa6 28. Rxh7 d2 29. Rh8+ Ke7 30. Rh7+ Kf6 31. Nb2 Rb1 32. Nd1 Rxd1 33. g4 Rc1 34. Kg3 d1=Q 35. h4 Qd6+ 36. Kh3 Rh1+ 37. Kg2 Qh2+ 38. Kf3 Rf1 39. g5+ Ke5 40. Rf7 Qxf2+ 41. Kg4 Qg2# 0-1


[Site "https://www.chess.com"]

[Event "Titled Tuesday Blitz May 2 Late 2023"]
[White "Winkels, Marcel"]
[Black "Kohler, Aran"]
[WhiteFideId "1003887"]
[BlackFideId "1002856"]
[WhiteElo "1900"]
[BlackElo "2010"]
[Result "0-1"]
[Round "08"]
[TimeControl "180+2"]
[Date "2023.05.02"]
[WhiteClock "0:00:01"]
[BlackClock "0:00:49"]

1. d4 Nf6 2. Nc3 d5 3. Bf4 a6 4. e3 e6 5. Nf3 Bb4 6. Bd3 Bxc3+ 7. bxc3 b5 8. O-O Bb7 9. Ne5 Nbd7 10. Qf3 c5 11. Nxd7 Qxd7 12. dxc5 d4 13. Qh3 dxc3 14. Bd6 Qc6 15. f3 Nd5 16. Rfe1 O-O-O 17. a4 b4 18. Qg3 g6 19. Qe5 Rhe8 20. e4 Nc7 21. Qd4 e5 22. Qxb4 Rd7 23. Ra3 Re6 24. Rxc3 Kd8 25. Rb3 Bc8 26. Bc4 Rexd6 27. cxd6 Rxd6 28. Bd3 Ke8 29. Reb1 Ne6 30. h3 Nd4 31. R3b2 Bd7 32. Qb8+ Ke7 33. Rb6 Qc5 34. Rxd6 Nc6+ 35. Kf1 Nxb8 36. Rd5 Qc3 37. Rxb8 Bxa4 38. Rb7+ Kf8 39. Rd8+ Kg7 40. Rbb8 Bxc2 41. Rbc8 Bxd3+ 0-1


[Site "https://www.chess.com"]

[Event "Titled Tuesday Blitz May 2 Late 2023"]
[White "Fuentes Godoy, Lilia Ivonne"]
[Black "Harish, Neeraj"]
[WhiteFideId "5104130"]
[BlackFideId "30958130"]
[WhiteElo "2096"]
[BlackElo "1965"]
[Result "1-0"]
[Round "08"]
[TimeControl "180+2"]
[Date "2023.05.02"]
[WhiteClock "0:02:19"]
[BlackClock "0:02:17"]

1. d4 d5 2. c4 e6 3. Nf3 Nf6 4. g3 Be7 5. Bg2 O-O 6. O-O dxc4 7. Ne5 Nc6 8. Bxc6 bxc6 9. Nxc6 Qe8 10. Nxe7+ Qxe7 11. Qa4 e5 12. dxe5 Qxe5 13. Qxc4 Be6 14. Qc3 Qxe2 15. Re1 Qf3 16. Qxf3 1-0


[Site "https://www.chess.com"]

[Event "Titled Tuesday Blitz May 2 Late 2023"]
[White "Roman, Rodrigo"]
[Black "Van Baar, Esper"]
[WhiteFideId "3701220"]
[BlackFideId "1049321"]
[WhiteElo "1995"]
[BlackElo "2180"]
[Result "0-1"]
[Round "08"]
[TimeControl "180+2"]
[Date "2023.05.02"]
[WhiteClock "0:00:01"]
[BlackClock "0:00:04"]

1. Nf3 Nf6 2. b3 d5 3. Bb2 Bg4 4. e3 e6 5. Be2 Bd6 6. c4 c6 7. Ne5 Bxe2 8. Qxe2 Nbd7 9. f4 O-O 10. O-O Qc7 11. Nxd7 Nxd7 12. Nc3 Nf6 13. d4 Qe7 14. e4 dxe4 15. Nxe4 Nxe4 16. Qxe4 Ba3 17. Bc3 Bb4 18. Rac1 Bxc3 19. Rxc3 a5 20. f5 Qb4 21. Rg3 exf5 22. Qe5 g6 23. h4 Rae8 24. Qxf5 Qd2 25. Rg4 Re1 26. h5 Qe3+ 27. Kh2 Rxf1 28. Qxf1 Re8 29. Rf4 Re4 30. Rxe4 Qxe4 31. Qf6 gxh5 32. Qg5+ Qg6 33. Qd8+ Kg7 34. Qe7 Qg4 35. d5 h4 36. d6 Qg3+ 37. Kh1 h3 38. gxh3 Qxh3+ 39. Kg1 Qg3+ 40. Kf1 Qf3+ 41. Ke1 Qc3+ 42. Ke2 Qc2+ 43. Ke3 Qc3+ 44. Ke4 Qc2+ 45. Kd4 Qd2+ 46. Ke5 Qe3+ 47. Kf5 Qf3+ 0-1


[Site "https://www.chess.com"]

[Event "Titled Tuesday Blitz May 2 Late 2023"]
[White "Fernandez Madrid, Carlos"]
[Black "Golubev, Mikhail"]
[WhiteFideId "2206030"]
[BlackFideId "14100983"]
[WhiteElo "2082"]
[BlackElo "2374"]
[Result "1-0"]
[Round "08"]
[TimeControl "180+2"]
[Date "2023.05.02"]
[WhiteClock "0:01:34"]
[BlackClock "0:00:01"]

1. d4 Na6 2. Nf3 c6 3. g3 Nc7 4. Bg2 d5 5. O-O Nf6 6. c4 g6 7. cxd5 Ncxd5 8. Nc3 Nxc3 9. bxc3 Bg7 10. Ba3 O-O 11. Rb1 Nd5 12. Qc2 Qa5 13. Rb3 Nb6 14. Bxe7 Re8 15. Bb4 Qa6 16. Re1 Qa4 17. e4 Be6 18. Rb2 Qxc2 19. Rxc2 Nc4 20. Ng5 a5 21. Nxe6 fxe6 22. Bc5 b6 23. Bf1 bxc5 24. Bxc4 cxd4 25. cxd4 Bxd4 26. Rd1 c5 27. Rb1 Kf7 28. Rb7+ Re7 29. Rb6 a4 30. Kg2 a3 31. f4 Kf6 32. g4 g5 33. fxg5+ Kxg5 34. Bxe6 Kf4 35. Bf5 Rd8 36. h4 Be3 37. Rb3 Rd1 38. Re2 Bd4 39. Rf3+ Ke5 40. Bc8 c4 41. Rf5+ Kd6 42. Ba6 c3 43. Rd5+ Kc7 44. Rc2 Rd7 45. Be2 Rxd5 46. exd5 Rb1 47. g5 Kd6 48. Bf3 Ke5 49. Kh3 Rf1 50. Kg4 Rg1+ 51. Kh5 Kf4 52. Be2 1-0


[Site "https://www.chess.com"]

[Event "Titled Tuesday Blitz May 2 Late 2023"]
[White "Ricaurte Lopez, Juan Carlos"]
[Black "Fajdetic, Hrvoje"]
[WhiteFideId "3600327"]
[BlackFideId "14501945"]
[WhiteElo "2200"]
[BlackElo "2185"]
[Result "1-0"]
[Round "08"]
[TimeControl "180+2"]
[Date "2023.05.02"]
[WhiteClock "0:00:28"]
[BlackClock "0:00:10"]

1. e4 c5 2. Nf3 a6 3. d4 cxd4 4. Nxd4 Nf6 5. Nc3 e5 6. Nf3 Nc6 7. Bc4 Bb4 8. Bg5 Qa5 9. Bd2 Qc5 10. Qe2 Nd4 11. Qd3 Nxf3+ 12. gxf3 O-O 13. Rg1 Bxc3 14. Bxc3 b5 15. Bb3 Bb7 16. O-O-O Rfd8 17. Qe3 Qxe3+ 18. fxe3 d6 19. Rd2 a5 20. a3 b4 21. Rdg2 bxc3 22. Rxg7+ Kf8 23. Rxf7+ Ke8 24. Rxb7 a4 25. Be6 d5 26. exd5 cxb2+ 27. Kb1 Rab8 28. Rf7 1-0


[Site "https://www.chess.com"]

[Event "Titled Tuesday Blitz May 2 Late 2023"]
[White "Rose, Felix"]
[Black "Dias, Joao Batista"]
[WhiteFideId "5105722"]
[BlackFideId "2108240"]
[WhiteElo "2039"]
[BlackElo "1907"]
[Result "1-0"]
[Round "08"]
[TimeControl "180+2"]
[Date "2023.05.02"]
[WhiteClock "0:00:39"]
[BlackClock "0:01:30"]

1. d4 d5 2. Nf3 e6 3. e3 Be7 4. Bd3 Nf6 5. Nbd2 Nbd7 6. O-O c5 7. c3 O-O 8. Re1 b6 9. Qe2 Bb7 10. e4 Nxe4 11. Nxe4 dxe4 12. Bxe4 Bxe4 13. Qxe4 Nf6 14. Qh4 Nd5 15. Qg3 Bd6 16. Qg4 Qf6 17. dxc5 Bxc5 18. Bg5 Qg6 19. Nh4 Qd3 20. Bh6 g6 21. Rad1 Qc2 22. Rd2 f5 23. Qe2 Qe4 24. Qxe4 fxe4 25. Bxf8 Rxf8 26. Rxe4 Kg7 27. Rxe6 Nf4 28. Rd7+ Kh6 29. Re4 Nh5 30. Nf3 Nf6 31. Rh4+ Nh5 32. b4 g5 33. Rxh5+ Kxh5 34. bxc5 bxc5 35. Rxh7+ Kg6 36. Rxa7 Rd8 37. g4 Rd3 38. Ne5+ 1-0


[Site "https://www.chess.com"]

[Event "Titled Tuesday Blitz May 2 Late 2023"]
[White "Joubert, Dantelle"]
[Black "Smith, Shreyas"]
[WhiteFideId "14310813"]
[BlackFideId "7400713"]
[WhiteElo "1507"]
[BlackElo "2151"]
[Result "0-1"]
[Round "08"]
[TimeControl "180+2"]
[Date "2023.05.02"]
[WhiteClock "0:00:23"]
[BlackClock "0:01:16"]

1. d4 Nf6 2. c4 e6 3. Nc3 Bb4 4. e3 O-O 5. Ne2 b6 6. a3 Bxc3+ 7. Nxc3 Bb7 8. Bd3 d5 9. O-O Nbd7 10. b4 c5 11. bxc5 bxc5 12. Rb1 Rb8 13. Qa4 cxd4 14. exd4 dxc4 15. Qxc4 Rc8 16. Qb3 Ba8 17. Nb5 Bd5 18. Qa4 Nb6 19. Qxa7 Nc4 20. Rd1 Ng4 21. h3 Qh4 22. hxg4 Qxg4 23. f3 Bxf3 24. Rd2 Nxd2 0-1


[Site "https://www.chess.com"]

[Event "Titled Tuesday Blitz May 2 Late 2023"]
[White "Hartikainen, Jarmo"]
[Black "Vargas, Mauricio"]
[WhiteFideId "503134"]
[BlackFideId "4404572"]
[WhiteElo "2108"]
[BlackElo "1998"]
[Result "1-0"]
[Round "08"]
[TimeControl "180+2"]
[Date "2023.05.02"]
[WhiteClock "0:00:09"]
[BlackClock "0:00:02"]

1. e4 c5 2. c3 d6 3. d4 cxd4 4. cxd4 Bd7 5. Nc3 g6 6. Be3 Bg7 7. Qd2 a6 8. f3 b5 9. Bd3 Nc6 10. Nge2 e6 11. Rc1 b4 12. Nd1 d5 13. e5 a5 14. O-O Nge7 15. g4 h5 16. h3 hxg4 17. hxg4 Qc7 18. Kg2 O-O-O 19. Nf2 Kb7 20. a3 Qb8 21. Bb5 f6 22. f4 fxe5 23. fxe5 Rdf8 24. Nd3 Ka7 25. Bxc6 Nxc6 26. axb4 axb4 27. Ra1+ Kb6 28. Nc5 Be8 29. Ra6+ Kc7 30. Nxe6+ Kd7 31. Nxf8+ Bxf8 32. Nf4 Nxe5 33. dxe5 Qxe5 34. Qxd5+ Qxd5+ 35. Nxd5 Bd6 36. Nf6+ Ke6 37. Bf4 Bb5 38. Re1+ Kxf6 39. Rxd6+ 1-0


[Site "https://www.chess.com"]

[Event "Titled Tuesday Blitz May 2 Late 2023"]
[White "Wang, Alexander J"]
[Black "Sanchez, Robert"]
[WhiteFideId "30955270"]
[BlackFideId "2034360"]
[WhiteElo "1815"]
[BlackElo "1966"]
[Result "1-0"]
[Round "08"]
[TimeControl "180+2"]
[Date "2023.05.02"]
[WhiteClock "0:00:21"]
[BlackClock "0:00:58"]

1. e4 e6 2. d4 d5 3. e5 b6 4. c3 Qd7 5. Nf3 Ba6 6. Bxa6 Nxa6 7. O-O c5 8. Be3 Nc7 9. Nbd2 Ne7 10. dxc5 Nf5 11. cxb6 Nxe3 12. fxe3 axb6 13. Nd4 Be7 14. Qg4 O-O 15. N2f3 b5 16. Ng5 h6 17. Ngf3 b4 18. e4 bxc3 19. bxc3 Ra3 20. exd5 Nxd5 21. Rfe1 Rxc3 22. Qe4 Rfc8 23. Rad1 Qa4 24. Nf5 Qa7+ 25. Kh1 Bf8 26. Nd6 Rb8 27. Rb1 Rxb1 28. Rxb1 Qxa2 29. Rg1 Qf2 30. Qd4 Rxf3 1-0


[Site "https://www.chess.com"]

[Event "Titled Tuesday Blitz May 2 Late 2023"]
[White "Sailer, Mike"]
[Black "Ismayilova, Khanim"]
[WhiteFideId "2012901"]
[BlackFideId "13429019"]
[WhiteElo "2109"]
[BlackElo "1633"]
[Result "1-0"]
[Round "08"]
[TimeControl "180+2"]
[Date "2023.05.02"]
[WhiteClock "0:00:20"]
[BlackClock "0:00:01"]

1. d4 d5 2. Bg5 Nf6 3. Bxf6 exf6 4. e3 Bd6 5. c4 c6 6. cxd5 cxd5 7. Nc3 Be6 8. Qb3 O-O 9. Qxb7 Nd7 10. Qb3 Rb8 11. Qc2 Qb6 12. Rb1 Rfc8 13. Bd3 Bb4 14. Ne2 Qa5 15. O-O g6 16. a3 Bd6 17. g3 Qc7 18. Qd2 Nb6 19. Nb5 Qd7 20. Nxd6 Qxd6 21. Qa5 Qd7 22. Bb5 Qb7 23. Ba6 Qd7 24. Bxc8 Rxc8 25. Nc3 Nc4 26. Qa4 Qxa4 27. Nxa4 Nd2 28. Nc5 Nxf1 29. Kxf1 Bf5 30. Rc1 Rb8 31. b4 Kf8 32. Ke2 Ke7 33. Rc3 Rb5 34. Rb3 Bd7 35. a4 Rb8 36. b5 1-0


[Site "https://www.chess.com"]

[Event "Titled Tuesday Blitz May 2 Late 2023"]
[White "Hakobyan, Aram"]
[Black "Sarana, Alexey"]
[WhiteFideId "13306677"]
[BlackFideId "24133795"]
[WhiteElo "2584"]
[BlackElo "2714"]
[Result "1-0"]
[Round "09"]
[TimeControl "180+2"]
[Date "2023.05.02"]
[WhiteClock "0:00:18"]
[BlackClock "0:00:01"]

1. d4 Nf6 2. c4 e6 3. Nc3 d5 4. Nf3 Nbd7 5. Bg5 Bb4 6. cxd5 exd5 7. e3 h6 8. Bxf6 Qxf6 9. Qb3 Qd6 10. a3 Ba5 11. Qb5 Bxc3+ 12. bxc3 O-O 13. Be2 b6 14. O-O c5 15. a4 Bb7 16. Qb2 Bc6 17. Bb5 a6 18. Bxc6 Qxc6 19. Rfb1 Rfb8 20. h3 Nf6 21. Ne5 Qd6 22. Qa3 Ne4 23. Rb2 Rb7 24. Nd3 Rc8 25. Rab1 g5 26. dxc5 Nxc5 27. Rd1 Ne4 28. Qxd6 Nxd6 29. Nb4 Ne4 30. Nxd5 Kg7 31. Rd4 Rc5 32. c4 Nf6 33. Nxf6 Kxf6 34. Rd6+ Kg7 35. Rbxb6 Rxb6 36. Rxb6 a5 37. Rb5 Rxc4 38. Rxa5 Rc1+ 39. Kh2 Rc2 40. Kg3 Kg6 41. Ra8 h5 42. a5 h4+ 43. Kf3 Ra2 44. a6 f6 45. a7 Kg7 46. Ke4 Ra4+ 47. Kd5 Ra5+ 48. Kc4 Ra1 49. Kd3 Ra3+ 50. Ke4 Ra4+ 51. Kf5 Ra5+ 52. Ke6 Ra6+ 53. Kd7 Ra1 54. e4 Ra4 55. Kc6 Ra1 56. Kd5 Rd1+ 57. Ke6 Ra1 58. Kf5 Ra5+ 59. Kg4 Ra4 60. f3 Ra2 61. g3 hxg3 62. Kxg3 Ra3 63. h4 gxh4+ 64. Kxh4 Ra4 65. Kg3 Ra3 66. Kg4 1-0


[Site "https://www.chess.com"]

[Event "Titled Tuesday Blitz May 2 Late 2023"]
[White "Deac, Bogdan-Daniel"]
[Black "Ter-Sahakyan, Samvel"]
[WhiteFideId "1226380"]
[BlackFideId "13302531"]
[WhiteElo "2649"]
[BlackElo "2566"]
[Result "1-0"]
[Round "09"]
[TimeControl "180+2"]
[Date "2023.05.02"]
[WhiteClock "0:00:04"]
[BlackClock "0:00:02"]

1. e4 c5 2. Nf3 e6 3. g3 d5 4. Nc3 Nf6 5. d3 d4 6. Ne2 g6 7. Bg2 Bg7 8. O-O Nc6 9. Nd2 O-O 10. f4 Ng4 11. Nf3 e5 12. h3 Ne3 13. Bxe3 dxe3 14. c3 f5 15. Nxe5 Nxe5 16. fxe5 fxe4 17. Qb3+ Kh8 18. d4 cxd4 19. cxd4 Rxf1+ 20. Rxf1 Bd7 21. Qxe3 Bb5 22. Rd1 Qb6 23. Nc3 Ba6 24. Rd2 Rd8 25. Na4 Qb4 26. Nc3 Qb6 27. Bxe4 Bc4 28. Na4 Qb4 29. Nc3 Bg8 30. a3 Qe7 31. h4 a6 32. Kh2 b5 33. Bg2 b4 34. axb4 Qxb4 35. d5 a5 36. e6 Qd6 37. Ne4 Qe5 38. Qf4 Qxf4 39. gxf4 Bh6 40. Kg3 Rf8 41. Ng5 Rd8 42. e7 Re8 43. d6 1-0


[Site "https://www.chess.com"]

[Event "Titled Tuesday Blitz May 2 Late 2023"]
[White "Naroditsky, Daniel"]
[Black "Sargsyan, Shant"]
[WhiteFideId "2026961"]
[BlackFideId "13306766"]
[WhiteElo "2633"]
[BlackElo "2628"]
[Result "0-1"]
[Round "09"]
[TimeControl "180+2"]
[Date "2023.05.02"]
[WhiteClock "0:00:07"]
[BlackClock "0:00:11"]

1. d4 g6 2. e4 Bg7 3. Nc3 a6 4. f4 b5 5. Nf3 Bb7 6. Bd3 d6 7. a4 b4 8. Ne2 Nf6 9. Ng3 Nbd7 10. e5 Nd5 11. O-O c5 12. exd6 O-O 13. dxe7 Qxe7 14. f5 Ne3 15. Bxe3 Qxe3+ 16. Kh1 Bxf3 17. Qxf3 Qxf3 18. Rxf3 Bxd4 19. Be4 Rad8 20. c3 Bg7 21. Rc1 Ne5 22. Rff1 bxc3 23. bxc3 Rfe8 24. Rb1 Nc4 25. Bc6 Re3 26. Rb7 Ne5 27. Be4 Rxc3 28. Ra7 h5 29. Rxa6 h4 30. fxg6 fxg6 31. Ne2 Re3 32. Nf4 Rxe4 33. Ne6 Re8 34. Nxc5 Rc4 35. Ne6 Nd3 36. h3 Nb4 37. Rb6 Nd5 38. Rd6 Ne3 39. Nxg7 Kxg7 40. Re1 Kh6 41. a5 Nf5 42. Rdd1 Rxe1+ 43. Rxe1 Ra4 44. Kh2 Rxa5 45. Rc1 Ra2 46. Rf1 Kg5 47. Re1 Ra3 48. Re2 Re3 49. Rd2 Kf4 50. Rf2+ Ke5 51. Ra2 Re4 52. Ra5+ Kf4 53. Ra6 g5 54. Ra2 Ng3 55. Ra1 Ne2 56. Rf1+ Ke3 57. Rf3+ Kd4 58. Rf1 Re5 59. Rd1+ Ke3 60. Rf1 Nd4 61. Re1+ Kf4 62. Rf1+ Ke4 63. Re1+ Kd5 64. Rd1 Re2 65. Rf1 Ke4 66. Rf8 Ne6 67. Re8 Kf5 68. Kg1 Nf4 69. Rf8+ Kg6 70. Kf1 Ra2 71. Kg1 Rxg2+ 72. Kh1 Rg3 73. Kh2 Rxh3+ 74. Kg1 Rg3+ 75. Kh1 Kh5 76. Kh2 Kg4 77. Rg8 Rg2+ 78. Kh1 Ra2 79. Ra8 Rxa8 80. Kh2 Ra2+ 81. Kh1 Kf3 0-1


[Site "https://www.chess.com"]

[Event "Titled Tuesday Blitz May 2 Late 2023"]
[White "Firouzja, Alireza"]
[Black "Matlakov, Maxim"]
[WhiteFideId "12573981"]
[BlackFideId "4168003"]
[WhiteElo "2904"]
[BlackElo "2666"]
[Result "1-0"]
[Round "09"]
[TimeControl "180+2"]
[Date "2023.05.02"]
[WhiteClock "0:01:57"]
[BlackClock "0:01:08"]

1. e4 e5 2. Nf3 Nc6 3. Bb5 a6 4. Ba4 Nf6 5. O-O Be7 6. d3 b5 7. Bb3 d6 8. c3 O-O 9. h3 Bb7 10. Re1 Na5 11. Bc2 c5 12. Nbd2 Re8 13. Nf1 h6 14. Ne3 Bf8 15. Nh2 d5 16. Qf3 c4 17. dxc4 Nxc4 18. Nxd5 Nxd5 19. exd5 Bxd5 20. Qg3 Qb6 21. Ng4 h5 22. Nh6+ Kh8 23. Qd3 gxh6 24. Qh7# 1-0


[Site "https://www.chess.com"]

[Event "Titled Tuesday Blitz May 2 Late 2023"]
[White "Caruana, Fabiano"]
[Black "Terry, Renato"]
[WhiteFideId "2020009"]
[BlackFideId "3803457"]
[WhiteElo "2837"]
[BlackElo "2575"]
[Result "1-0"]
[Round "09"]
[TimeControl "180+2"]
[Date "2023.05.02"]
[WhiteClock "0:00:38"]
[BlackClock "0:00:01"]

1. e4 g6 2. d4 Bg7 3. Nc3 c6 4. h3 d5 5. Nf3 Nh6 6. Be2 f6 7. O-O Nf7 8. Be3 O-O 9. a4 a5 10. Re1 e6 11. Bf1 Na6 12. Nd2 f5 13. e5 Nxe5 14. dxe5 d4 15. Nc4 dxe3 16. Rxe3 Nc5 17. Nd6 f4 18. Re1 Nd7 19. Qd4 Qb6 20. Qxb6 Nxb6 21. Rad1 Rd8 22. b3 Nd5 23. Nxd5 exd5 24. c4 Bf8 25. cxd5 Bxd6 26. exd6 Rxd6 27. dxc6 Rxd1 28. cxb7 Bxb7 29. Rxd1 f3 30. Bc4+ Kf8 31. Rd7 Bc6 32. Rf7+ Ke8 33. gxf3 Rd8 34. Kg2 Rd6 35. Rxh7 Rf6 36. Be2 Kf8 37. Rc7 Bd5 38. Rc3 Rb6 39. Bb5 Bb7 40. Kg3 Bd5 41. Kf4 Kg7 42. Ke5 Bg8 43. f4 Re6+ 44. Kd4 Rf6 45. Kc5 Rxf4 46. Kb6 Rb4 47. Kxa5 Rxb3 48. Rxb3 Bxb3 49. Kb4 Bxa4 50. Bxa4 Kf6 51. Bd1 Ke5 52. Bg4 Kd4 53. f3 1-0


[Site "https://www.chess.com"]

[Event "Titled Tuesday Blitz May 2 Late 2023"]
[White "Fedoseev, Vladimir"]
[Black "Bortnyk, Mykola"]
[WhiteFideId "24130737"]
[BlackFideId "14120836"]
[WhiteElo "2752"]
[BlackElo "2582"]
[Result "0-1"]
[Round "09"]
[TimeControl "180+2"]
[Date "2023.05.02"]
[WhiteClock "0:00:10"]
[BlackClock "0:00:06"]

1. d4 d5 2. Nf3 Nf6 3. Bf4 c5 4. e3 Nc6 5. Nbd2 cxd4 6. exd4 Bf5 7. c3 e6 8. Bb5 Bd6 9. Ne5 Qc7 10. O-O O-O 11. Re1 Bxe5 12. dxe5 Nd7 13. Qe2 Qb6 14. Be3 Qc7 15. f4 h6 16. Nb3 a6 17. Bd3 Bxd3 18. Qxd3 Na5 19. Nxa5 Qxa5 20. c4 Rfd8 21. cxd5 Qxd5 22. Qxd5 exd5 23. Red1 Nf8 24. Bb6 Rd7 25. Rac1 Ne6 26. f5 Ng5 27. Kf2 Re8 28. Bd4 Ne4+ 29. Kf3 g6 30. g4 Kh7 31. h3 Ng5+ 32. Kg3 gxf5 33. gxf5 Rg8 34. h4 Ne6+ 35. Kf3 Ng7 36. f6 Ne6 37. Bf2 Re8 38. Rd3 Nf8 39. Re1 Ng6 40. Bg3 h5 41. Rd4 Re6 42. a3 b6 43. Re3 Rc6 44. Red3 Rc5 45. b4 Rc2 46. Rxd5 Rdc7 47. Rd7 Rxd7 48. Rxd7 Kg8 49. Rd8+ Kh7 50. Rd7 Rc3+ 51. Kf2 Rc2+ 52. Kg1 Kg8 53. Rd8+ Kh7 54. Rd6 Nf8 55. Rxb6 Rc3 56. Kf2 Rxa3 57. Rb7 Kg6 58. Rb8 Ne6 59. Rg8+ Kf5 60. Rg7 Ra2+ 61. Ke1 Ra1+ 62. Kd2 Ra2+ 63. Kc3 Rg2 64. Rg8 Ke4 65. Kc4 Kf3 66. Rg7 Nxg7 67. fxg7 Rxg3 68. e6 fxe6 69. Kd4 Rxg7 70. Ke5 Rg4 71. Kxe6 Rxb4 72. Kf5 Rxh4 0-1


[Site "https://www.chess.com"]

[Event "Titled Tuesday Blitz May 2 Late 2023"]
[White "Andreikin, Dmitry"]
[Black "Henriquez Villagra, Cristobal"]
[WhiteFideId "4158814"]
[BlackFideId "3409350"]
[WhiteElo "2736"]
[BlackElo "2542"]
[Result "1/2-1/2"]
[Round "09"]
[TimeControl "180+2"]
[Date "2023.05.02"]
[WhiteClock "0:00:07"]
[BlackClock "0:00:04"]

1. d4 d5 2. c4 e6 3. Nf3 c6 4. g3 dxc4 5. Bg2 Nf6 6. O-O b5 7. Nc3 a6 8. e4 Be7 9. Bg5 O-O 10. e5 Nd5 11. Ne4 Nd7 12. h4 f5 13. exf6 gxf6 14. Bh6 Rf7 15. Re1 Bf8 16. Qc1 Bxh6 17. Qxh6 Qf8 18. Qh5 Qg7 19. Nd6 Re7 20. a4 N7b6 21. axb5 cxb5 22. Nxc8 Rxc8 23. Rxa6 Qg6 24. Qxg6+ hxg6 25. Nd2 Kf7 26. Ne4 Rd8 27. Nc5 b4 28. Kf1 c3 29. bxc3 bxc3 30. Ke2 Nd7 31. Rc1 Nxc5 32. dxc5 Nb4 33. Rd6 Rxd6 34. cxd6 Rd7 35. Rxc3 Rxd6 36. Rc7+ Kf8 37. Be4 f5 38. Bf3 Nd3 39. Ke3 Ne5 40. Be2 Nf7 41. h5 gxh5 42. Bxh5 Ne5 43. Kf4 Nd3+ 44. Kg5 Nxf2 45. Rf7+ Kg8 46. Bg6 Ne4+ 47. Kh6 Rd2 48. Rg7+ Kf8 49. Rf7+ Kg8 50. Rg7+ Kf8 51. Rf7+ Kg8 1/2-1/2


[Site "https://www.chess.com"]

[Event "Titled Tuesday Blitz May 2 Late 2023"]
[White "Babazada, Khazar"]
[Black "Bortnyk, Olexandr"]
[WhiteFideId "13413554"]
[BlackFideId "14120828"]
[WhiteElo "2351"]
[BlackElo "2734"]
[Result "1-0"]
[Round "09"]
[TimeControl "180+2"]
[Date "2023.05.02"]
[WhiteClock "0:00:11"]
[BlackClock "0:00:11"]

1. e4 Nf6 2. Nc3 d5 3. exd5 Nxd5 4. Nf3 Nxc3 5. bxc3 g6 6. d4 Bg7 7. h4 h5 8. Bc4 O-O 9. O-O Nc6 10. Ng5 Na5 11. Bd3 c5 12. dxc5 Qc7 13. Be3 Bxc3 14. Rb1 Bg4 15. Qc1 Nc6 16. Qa3 Bg7 17. Qb3 Na5 18. Qa4 Bd7 19. Qa3 Rac8 20. Rfd1 Bg4 21. Re1 Nc6 22. Qb3 Na5 23. Qa4 Bd7 24. Qa3 Bf6 25. Ne4 Bxh4 26. g3 Bf6 27. Nxf6+ exf6 28. Qb2 Qc6 29. Bh6 Rfe8 30. Bb5 Rxe1+ 31. Rxe1 Qf3 32. Bxd7 Rd8 33. Re3 Qd1+ 34. Kh2 Kh7 35. Qxf6 Rg8 36. Re7 Kxh6 37. Qf4+ g5 38. Qf6+ 1-0


[Site "https://www.chess.com"]

[Event "Titled Tuesday Blitz May 2 Late 2023"]
[White "Nakamura, Hikaru"]
[Black "Suleymanli, Aydin"]
[WhiteFideId "2016192"]
[BlackFideId "13413937"]
[WhiteElo "2885"]
[BlackElo "2559"]
[Result "0-1"]
[Round "09"]
[TimeControl "180+2"]
[Date "2023.05.02"]
[WhiteClock "0:01:00"]
[BlackClock "0:00:27"]

1. e4 e5 2. Bc4 Nf6 3. d3 Nc6 4. Nc3 Na5 5. Qf3 Nxc4 6. dxc4 h6 7. Nge2 d6 8. Ng3 g6 9. O-O Be7 10. h3 Be6 11. b3 h5 12. Rd1 h4 13. Nf1 Nd7 14. a4 Bg5 15. Bxg5 Qxg5 16. Nb5 Kd8 17. Nd2 a6 18. Nc3 Ke7 19. Qe2 Bxh3 20. f4 exf4 21. Nf3 Qc5+ 22. Kh1 Bg4 23. b4 Qh5 24. Rd5 Ne5 25. Rxe5+ dxe5 26. Qf2 h3 27. Nd5+ Kf8 28. g3 Bxf3+ 29. Kh2 fxg3+ 30. Qxg3 Bxe4 31. Nc3 Qf3 0-1


[Site "https://www.chess.com"]

[Event "Titled Tuesday Blitz May 2 Late 2023"]
[White "Duda, Jan-Krzysztof"]
[Black "Livaic, Leon"]
[WhiteFideId "1170546"]
[BlackFideId "14531534"]
[WhiteElo "2790"]
[BlackElo "2509"]
[Result "1-0"]
[Round "09"]
[TimeControl "180+2"]
[Date "2023.05.02"]
[WhiteClock "0:00:13"]
[BlackClock "0:00:01"]

1. e4 e6 2. d4 d5 3. exd5 exd5 4. Nf3 Nf6 5. Bd3 Bd6 6. Qe2+ Be6 7. Ng5 Qe7 8. Nxe6 Qxe6 9. O-O O-O 10. Re1 Qxe2 11. Rxe2 c5 12. dxc5 Bxc5 13. Bg5 Nbd7 14. Nc3 Bd4 15. Bd2 Ne5 16. Nb5 Nxd3 17. cxd3 Bb6 18. Bc3 Nd7 19. Rd1 Rfe8 20. Rxe8+ Rxe8 21. Nd6 Re2 22. d4 Nf6 23. Kf1 Re7 24. f3 Ne8 25. Nc8 Re6 26. Bb4 Bd8 27. Nxa7 Ra6 28. Nb5 Rxa2 29. Ba3 Ba5 30. Rc1 f6 31. Rc8 Kf7 32. Rb8 Ra1+ 33. Kf2 b6 34. b4 Rb1 35. bxa5 Rxb5 36. axb6 g5 37. g4 Ng7 38. Bd6 Ne6 39. b7 Rb6 40. Ke3 Kg6 41. Rg8+ Kf7 42. b8=Q Rb3+ 43. Qxb3 1-0


[Site "https://www.chess.com"]

[Event "Titled Tuesday Blitz May 2 Late 2023"]
[White "Grischuk, Alexander"]
[Black "Pakleza, Zbigniew"]
[WhiteFideId "4126025"]
[BlackFideId "1119290"]
[WhiteElo "2727"]
[BlackElo "2410"]
[Result "1-0"]
[Round "09"]
[TimeControl "180+2"]
[Date "2023.05.02"]
[WhiteClock "0:01:06"]
[BlackClock "0:00:04"]

1. e4 d6 2. d4 Nf6 3. Bd3 e5 4. c3 d5 5. dxe5 dxe4 6. Bb5+ c6 7. Qxd8+ Kxd8 8. exf6 cxb5 9. fxg7 Bxg7 10. Bg5+ Kc7 11. Nd2 Bf5 12. Ne2 Re8 13. Nd4 Bxd4 14. cxd4 Nc6 15. Rc1 Kd7 16. Rc5 Bg6 17. Rxb5 b6 18. O-O Kc7 19. Rc1 Kb7 20. Rd5 Rac8 21. a3 Na5 22. Rxc8 Rxc8 23. h4 h5 24. Be3 Rc2 25. g4 hxg4 26. h5 Bh7 27. Rg5 Rc8 28. Rg7 Rh8 29. Rxf7+ Kc6 30. b4 Nb7 31. d5+ 1-0


[Site "https://www.chess.com"]